AoeStats
← LEOn

Arena

510905132Analyzed
3v3 RM · 7h ago on Oct 3, 2026· 38m 10s· 6 players
Game mode
Random Map
Map size
Normal (6 player)
Population
200
Speed
Normal
Resources
Standard
Victory
Conquest
Starting age
Dark Age
Ending age
Imperial Age
RankedLock teamsTeams togetherTeam positionsShared explorationLock speedFull tech treeHidden civsTurbo modeCheats
Victory
Defeat
🇦🇷 Byzantines · Argentina
890
+11
🇦🇷 Chinese · Argentina
888
+11
🇦🇷 Lithuanians · Argentina
873
+12
🇺🇸 Huns · United States
827
-13
🇦🇷 Celts · Argentina
782
-11
🇧🇷 Teutons · Brazil
745
-10
colossal_nutz91
11:18 Feudal Age
22:48 Castle Age
25:41 Scale Barding Armor
29:09 Chain Barding Armor
33:53 Imperial Age
31:28 Fletching
32:09 Scale Mail Armor
32:06 Bodkin Arrow
32:29 Marauders
33:58 Bloodlines
33:49 Husbandry
33:54 Scale Mail Armor
34:09 Forging
33:56 Cavalier
36:48 Paladin
Rkz-Priest
2:56 Loom
10:47 Feudal Age
11:17 Double-Bit Axe
12:25 Horse Collar
17:40 Castle Age
18:44 Bow Saw
19:19 Heavy Plow
19:21 Gold Mining
24:41 Wheelbarrow
23:53 Town Watch
26:07 Gold Shaft Mining
25:23 Stone Mining
30:38 Imperial Age
28:30 Hand Cart
28:16 Town Patrol
28:36 Fletching
28:56 Forging
28:59 Padded Archer Armor
28:59 Scale Mail Armor
28:58 Murder Holes
29:35 Ballistics
32:19 Bodkin Arrow
33:00 Iron Casting
33:11 Stone Shaft Mining
33:10 Bow Saw
35:04 Chemistry
36:07 Blast Furnace
35:22 Chain Mail Armor
35:22 Leather Archer Armor
35:14 Scale Barding Armor
35:24 Heavy Scorpion
37:23 Conscription
36:42 Pikeman
LEOn
12:34 Feudal Age
13:54 Wheelbarrow
13:12 Double-Bit Axe
13:19 Gold Mining
14:00 Stone Mining
15:57 Man-at-Arms
21:24 Castle Age
19:56 Horse Collar
22:53 Gambesons
24:28 Squires
27:40 Hand Cart
32:26 Heavy Plow
32:38 Bow Saw
33:11 Stone Shaft Mining
Martín
11:53 Feudal Age
11:44 Loom
13:24 Double-Bit Axe
16:09 Castle Age
14:26 Loom
19:26 Bow Saw
28:55 Imperial Age
26:55 Husbandry
26:51 Horse Collar
28:05 Stone Mining
28:12 Gold Mining
28:30 Fletching
28:51 Forging
28:47 Scale Barding Armor
29:28 Wheelbarrow
30:53 Conscription
33:32 Gold Shaft Mining
35:31 Iron Casting
35:18 Chain Barding Armor
35:21 Bodkin Arrow
36:20 Stone Shaft Mining
36:15 Logistica
37:36 Hand Cart
Baron Hirsch
10:10 Feudal Age
13:42 Castle Age
11:37 Double-Bit Axe
18:51 Loom
20:46 Bow Saw
22:21 Gold Mining
22:15 Horse Collar
27:38 Imperial Age
26:12 Heavy Plow
26:11 Stone Mining
27:06 Forging
27:01 Scale Barding Armor
27:00 Town Watch
28:03 Bloodlines
27:53 Husbandry
28:45 Conscription
29:23 Wheelbarrow
29:14 Town Patrol
30:11 Elite Leitis
33:27 Iron Casting
33:12 Chain Barding Armor
35:46 Crop Rotation
36:16 Plate Barding Armor
36:51 Two-Man Saw
El_incivilizado
0:38 Loom
12:11 Feudal Age
16:35 Castle Age
15:14 Double-Bit Axe
19:18 Bow Saw
24:28 Crossbowman
25:56 Horse Collar
26:29 Stone Mining
31:33 Imperial Age
29:31 Gold Mining
30:01 Padded Archer Armor
29:52 Fletching
30:53 Pikeman
32:20 Ballistics
32:19 Leather Archer Armor
31:59 Bodkin Arrow
34:39 Chemistry
33:42 Bracer
34:32 Gold Shaft Mining
34:15 Capped Ram
35:43 Ring Archer Armor
35:08 Siege Ram
Connection lost

Rejoining the realm…

Still unreachable

The connection could not be restored.

Session expired

The server has moved on; the page needs a fresh start.